 Dungeon Crawl Stone Soup version 0.17-a0-484-g0e03f6a (webtiles) character file.

79 Ololoev the Chopper (level 3, 0/29 HPs)
             Began as a Demigod Wanderer on Apr 10, 2015.
             Slain by a kobold
             ... wielding a +0 dagger
              (2 damage)
             ... on level 3 of the Dungeon.
             The game lasted 00:04:19 (2073 turns).

Ololoev the Chopper (Demigod Wanderer)              Turns: 2073, Time: 00:04:20

Health: 0/29       AC:  4    Str: 18 (19) XL:     3   Next: 95%
Magic:  6/6        EV: 11    Int: 20      God:
Gold:   88         SH:  0    Dex: 14      Spells: 0 memorised, 2 levels left

rFire  . . .     SeeInvis .     c - +0 spear
rCold  . . .     Clarity  .     m - +0 leather armour
rNeg   . . .     SustAb   +     (no shield)
rPois  .         Gourm    .     k - +0 helmet
rElec  .         Spirit   .     (no cloak)
rCorr  +         Warding  .     (no gloves)
rMut   .         Stasis   .     (no boots)
MR     .....                    n - amulet of resist corrosion
Stlth  +.........               (no ring)
                                (no ring)

@: brilliant, lethally poisoned (0 -> -12), not resistant to hostile
enchantments, very unstealthy
A: high mp 1, sustain abilities
a: no special abilities


Innate Abilities, Weirdness & Mutations

You have an increased reservoir of magic (+10% MP).
Your attributes are resistant to harm.

Inventory:

Hand weapons
 c - a +0 spear (weapon)
Missiles
 g - 5 javelins (quivered)
Armour
 k - a +0 helmet (worn)
 m - a +0 leather armour (worn)
Jewellery
 n - an amulet of resist corrosion (around neck)
Magical devices
 a - a wand of confusion (15)
Scrolls
 e - a scroll of noise {unknown}
 h - a scroll of enchant armour {unknown}
 i - a scroll of recharging {unknown}
 j - 4 scrolls of identify {unknown}
 p - a scroll of teleportation {unknown}
 r - a scroll of remove curse {unknown}
 s - a scroll of fear {unknown}
 t - a scroll of random uselessness {unknown}
Potions
 q - a potion of curing {unknown}
Comestibles
 d - 3 fruits
 f - 3 bread rations


   Skills:
 - Level 1.7 Fighting
   Level 2.6(3.2) Axes
 * Level 2.6(3.2) Polearms
 - Level 1.0 Throwing
 + Level 1.4 Armour
 - Level 1.0 Dodging
 - Level 1.0 Stealth
 + Level 2.0 Evocations


You had 2 spell levels left.
You didn't know any spells.


You were on level 3 of the Dungeon.
You were hungry.

You visited 1 branch of the dungeon, and saw 3 of its levels.

You collected 88 gold pieces.

###### ##....##
...... #....##
+<....# #
#.#.###.....#.#
........K>...#.####
#@.........#
#....<.....#
#..........#
#...........#
#....!......#
#..?........#
............#
.##..........
..........

Notes
Turn   | Place    | Note
--------------------------------------------------------------
     0 | D:1      | Ololoev, the Demigod Wanderer, began the quest for the Orb.
     0 | D:1      | Ololoev set off with: a wand of confusion (15), a +0 hand axe, a +0 spear, a +0 robe, a bread ration
     0 | D:1      | Reached XP level 1. HP: 17/17 MP: 3/3
   475 | D:1      | Reached XP level 2. HP: 14/24 MP: 5/5
  1249 | D:2      | Reached XP level 3. HP: 27/29 MP: 6/6
  1258 | D:2      | Reached skill level 1 in Armour
  1859 | D:2      | Found a sparkling altar of Nemelex Xobeh.
  2073 | D:3      | Slain by a kobold

Dungeon Overview and Level Annotations

Branches:
Dungeon (3/15)


Message History

You are too injured to fight recklessly!
You are too injured to fight recklessly!
You are too injured to fight recklessly!
You are too injured to fight recklessly!
You are too injured to fight recklessly!
You are too injured to fight recklessly!
You are too injured to fight recklessly!
You are too injured to fight recklessly!
You are too injured to fight recklessly!
You are too injured to fight recklessly!
You are too injured to fight recklessly!
You are too injured to fight recklessly!
You are too injured to fight recklessly!
You are too injured to fight recklessly!
You are too injured to fight recklessly!
You are too injured to fight recklessly!
You are too injured to fight recklessly!
You are too injured to fight recklessly!
You are too injured to fight recklessly!
You are too injured to fight recklessly!
You barely miss the adder.
The adder is almost dead.
You feel sick. The kobold barely misses you. The adder bites you.
You are more poisoned.
The adder poisons you!
You hit the adder.
You kill the adder!
You feel sick. The kobold hits you with a dagger.
You feel sick. The kobold hits you but does no damage.
You see here an adder corpse.
Drink which item? (? for menu, Esc to quit)
It was a potion of degeneration.
There was something very wrong with that liquid.
You feel somewhat weakened.
You feel sick. The kobold hits you but does no damage.
Drink which item? (? for menu, Esc to quit)
It was a potion of brilliance.
You feel clever all of a sudden.
You feel sick. The kobold hits you with a dagger.
You die...

You could see a kobold.

Vanquished Creatures
  5 adders
  A worm (D:2)
  4 hobgoblins
  3 bats
  2 giant cockroaches (D:2)
  A giant gecko (D:1)
  3 giant newts
  4 goblins
  3 kobolds
  5 rats
31 creatures vanquished.

Action                   || total
-------------------------++-------
Melee: Spear             ||   165
  Use: Potion            ||     2
  Eat: Chunk             ||     3

Vault maps used:
D:1:      eino_arrival_cavern_a
D:2:      nemelex_altar_shiori
D:3:      nicolae_gozag_seed_capital, first_bread
